 Dungeon Crawl Stone Soup version 0.27-a0-1597-ge58577e147 (webtiles) character file.

Game seed: 10783485309401667776

775 DocSulfur the Changer (level 7, -2/52 HPs)
             Began as a Pale Draconian Transmuter on July 21, 2021.
             Was an Initiate of Makhleb.
             Slain by a hornet zombie (8 damage)
             ... on level 5 of the Dungeon.
             The game lasted 00:20:22 (5531 turns).

DocSulfur the Changer (Pale Draconian Transmuter)   Turns: 5531, Time: 00:20:23

Health: -2/52      AC:  6    Str: 13    XL:     7   Next: 54%
Magic:  12/13      EV: 19    Int: 15    God:    Makhleb [......]
Gold:   126        SH:  0    Dex: 16    Spells: 8/14 levels left

rFire    . . .     SeeInvis .     - Unarmed
rCold    . . .     Faith    .   (shield currently unavailable)
rNeg     . . .     Spirit   .   (armour unavailable)
rPois    x         Reflect  .   (helmet currently unavailable)
rElec    .         Harm     .   (cloak currently unavailable)
rCorr    .         Rampage  .   (gloves currently unavailable)
Will     .....                  (boots currently unavailable)
Stlth    +.........             (no amulet)
HPRegen  0.17/turn              a - +4 ring of protection
MPRegen  0.13/turn              (no ring)

@: spider-form
A: venomous fangs, (breathe steam), AC +6, tiny, unfitting armour,
(cold-blooded), (steam resistance)
a: End Transformation, Renounce Religion


You were on level 5 of the Dungeon.
You worshipped Makhleb.
Makhleb was noncommittal.
You were a venomous arachnid creature.
You visited 2 branches of the dungeon, and saw 6 of its levels.
You also visited: Sewer.

You collected 126 gold pieces.

Inventory:

Missiles
 f - 6 boomerangs (quivered)
 q - a curare-tipped dart
 t - 6 poisoned darts
Armour
 m - a +0 pair of gloves (melded)
Magical Staves
 g - a staff of poison (melded)
Jewellery
 a - a +4 ring of protection (left front leg)
Scrolls
 b - 2 scrolls of amnesia
 e - 3 scrolls of enchant armour
 h - a scroll of fog
 j - a scroll of noise
 r - 2 scrolls of fear
Potions
 d - a potion of brilliance {unknown}
 i - 4 potions of flight
 k - a potion of haste {unknown}
 l - a potion of heal wounds {unknown}
 o - a potion of curing {unknown}
 p - a potion of ambrosia {unknown}
 s - a potion of resistance {unknown}


   Skills:
 - Level 1.1 Fighting
 - Level 1.7 Dodging
 + Level 3.5 Unarmed Combat
 - Level 4.0 Spellcasting
 + Level 5.8 Transmutations
 + Level 1.5 Earth Magic
 - Level 4.0 Poison Magic


You had 8 spell levels left.
You knew the following spells:

 Your Spells              Type           Power      Damage    Failure   Level
a - Beastly Appendage     Tmut           40%        N/A       7%          1
b - Spider Form           Tmut/Pois      8%         N/A       19%         3
c - Wereblood             Tmut           20%        N/A       10%         2

Your spell library contained the following spells:

 Spells                   Type           Power      Damage    Failure   Level
 Ice Form                 Ice/Tmut       11%        N/A       69%         4
 Irradiate                Conj/Tmut      5%         3d15      94%         5
 Fulminant Prism          Conj/Hex       1%         3d6       96%         4
 Iskenderun's Battlesphe  Conj           3%         2d6       100%        5
 Statue Form              Tmut/Erth      9%         N/A       100%        6


Dungeon Overview and Level Annotations

Branches:
Dungeon (5/15)             Temple (1/1) D:4           Sewer (visited)

Altars:
Ashenzari
Cheibriados
Elyvilon
Fedhas
Gozag
Hepliaklqana
Kikubaaqudgha
Makhleb
Nemelex Xobeh
Qazlal
Ru
Sif Muna
Trog
Uskayaw
Vehumet
Wu Jian
Xom
Yredelemnul
Zin
The Shining One

Shops:
D:2 =   D:5 **


Innate Abilities, Weirdness & Mutations

You are a venomous arachnid creature.
You have poisonous fangs.
You are tiny and dextrous.
Your spellcasting is less reliable in this form.
Your armour is entirely melded.
You are incapable of wielding weapons or throwing items.
((You can breathe blasts of scalding, opaque steam.))
((Your pale cyan-grey scales are hard. (AC +6)))
You cannot fit into any form of body armour.
((You are cold-blooded and may be slowed by cold attacks.))
((You are immune to the effects of steam.))


Message History

The hornet zombie closely misses you.
You hit the hornet zombie.
The hornet zombie is severely damaged.
The hornet zombie barely misses you.
You hit the hornet zombie.
The hornet zombie is severely damaged.
The hornet zombie barely misses you.
The hornet zombie completely misses you.
You hit the hornet zombie but do no damage.
The hornet zombie is severely damaged.
The hornet zombie closely misses you.
You hit the hornet zombie but do no damage.
The hornet zombie is severely damaged.
The hornet zombie closely misses you.
You barely miss the hornet zombie.
The hornet zombie is severely damaged.
The hornet zombie completely misses you.
You hit the hornet zombie.
The hornet zombie is severely damaged.
The hornet zombie hits you!
* * * LOW HITPOINT WARNING * * *
The hornet zombie hits you but does no damage.
You hit the hornet zombie.
The hornet zombie is severely damaged.
The hornet zombie hits you but does no damage.
You hit the hornet zombie but do no damage.
The hornet zombie is severely damaged.
The hornet zombie completely misses you.
You hit the hornet zombie.
The hornet zombie is almost destroyed.
The hornet zombie barely misses you.
Okay, then.
Okay, then.
Okay, then.
Unknown command.
Okay, then.
You barely miss the hornet zombie.
The hornet zombie is almost destroyed.
The hornet zombie hits you!
You die...

#.#.# #.#
..#####.#
#.#.######.#
#.# #.#
#..........
#. #.#
###.#######
# #.# #.#
#.# #.# #.#
#.#### #.#
#..?.# #.#
####s# #.#
#Z# #.. #.#
### #.# #.#
##### #.#
##...## #..
#.....# ###
#.....#
♣♣.....


You could see a hornet zombie.

Vanquished Creatures
  A centaur (D:5)
  A phantom (D:4)
  2 kobold brigands (Sewer)
  A scorpion (D:4)
  2 hounds
  A jelly (D:5)
  15 adders
  6 river rats
  6 worms
  A dart slug (D:2)
  7 orcs
  9 bats
  8 endoplasms
  7 giant cockroaches
  6 goblins
  7 hobgoblins
  9 jackals
  3 quokkas
  11 ball pythons
  3 frilled lizards
  10 kobolds
  11 rats
127 creatures vanquished.

Notes
Turn   | Place    | Note
-------+----------+-------------------------------------------
     0 | D:1      | DocSulfur the Draconian Transmuter began the quest for the
                  | Orb.
     0 | D:1      | Reached XP level 1. HP: 16/16 MP: 3/3
   102 | D:1      | Reached XP level 2. HP: 15/23 MP: 1/5
   359 | D:1      | Got the Guide on Earthen Combat Magic
   374 | D:1      | Reached skill level 1 in Poison Magic
   831 | D:1      | Reached XP level 3. HP: 27/28 MP: 4/6
   852 | D:1      | Found a faded altar of an unknown god.
   972 | D:2      | Found Kykaiw's Jewellery Boutique.
  1020 | D:2      | Learned a level 3 spell: Spider Form
  1023 | D:2      | Learned a level 2 spell: Wereblood
  1455 | D:2      | Reached XP level 4. HP: 35/35 MP: 8/8
  1466 | D:2      | Reached skill level 3 in Transmutations
  2401 | D:3      | Reached XP level 5. HP: 6/40 MP: 9/9
  2458 | D:3      | Found a glowing drain.
  2472 | Sewer    | Entered a sewer
  2997 | Sewer    | Reached XP level 6. HP: 37/47 MP: 11/11
  3043 | Sewer    | Reached skill level 4 in Transmutations
  4056 | D:4      | Found a white marble altar of Elyvilon.
  4209 | D:4      | Found a staircase to the Ecumenical Temple.
  4215 | Temple   | Entered the Ecumenical Temple
  4446 | Temple   | Became a worshipper of Makhleb the Destroyer
  4516 | D:4      | Found a radiant altar of Vehumet.
  4724 | D:4      | Reached skill level 5 in Transmutations
  4724 | D:4      | Your scales start taking on a pale cyan-grey colour.
  4724 | D:4      | Reached XP level 7. HP: 49/52 MP: 13/13
  4724 | D:4      | Gained mutation: You are immune to the effects of steam.
                  | [Pale Draconian growth]
  5209 | D:5      | Entered Level 5 of the Dungeon
  5237 | D:5      | Found Ahadowk's Specific Store.
  5255 | D:5      | Found Ofoym's General Store.
  5355 | D:5      | Found a glowing silver altar of Zin.
  5420 | D:5      | Reached skill level 1 in Earth Magic
  5531 | D:5      | Slain by a hornet zombie

Illustrated notes

Levels and vault maps discovered:
D:1:      enne_arrival_octagon_isle, layout_basic,
          shapermc_ecumenical_altar_hornbeckon, minmay_tromino_v4_b
D:2:      layout_basic, serial_shops, nicolae_diamond_shop, minmay_tall_x
D:3:      layout_basic, lightli_sewer_entry_pipes, kennysheep_generic_room_5
D:4:      layout_loops_corners, lemuel_doored_altar,
          mainiacjoe_overflow_cross_hatched, minmay_temple_entry_hall,
          hangedman_abyss_or_decor_passed
D:5:      layout_loops_ring, zin_academy, mainiacjoe_overflow_small_starburst,
          lightli_ossuary_entry_decrepit_ruins, nicolae_specific_store,
          kennysheep_small_spiral
Temple:   minmay_crystal_spiral_temple

Skill      XL: |  1  2  3  4  5  6  7 |
---------------+----------------------+-----
Poison Magic   | 1 2 3 4 |  4.0
Transmutations | 3 5 |  5.8
Spellcasting   | 3 4 |  4.0
Earth Magic    | 1 |  1.5
Fighting       | |  1.1
Dodging        | |  1.7
Unarmed Combat | |  3.5

Action                   |  1- 3 |  4- 6 |  7- 9 || total
-------------------------+-------+-------+-------++-------
Melee: Unarmed           |   134 |    25 |    44 ||   203
       Headbutt          |     9 |    40 |     5 ||    54
       Tailslap          |     6 |    30 |     6 ||    42
       Kick              |    19 |    60 |     3 ||    82
       Staff             |    13 |   308 |    43 ||   364
       Punch             |     1 |     5 |       ||     6
Throw: Boomerang         |       |     8 |       ||     8
 Cast: Beastly Appendage |    31 |    46 |     8 ||    85
       Spider Form       |       |     3 |     3 ||     6
       Wereblood         |       |       |     1 ||     1
 Abil: End Transformatio |       |     1 |       ||     1
       Breathe Steam     |       |       |     1 ||     1
  Use: Scroll            |       |     1 |     6 ||     7
 Stab: Sleeping          |     2 |       |       ||     2
Armor: Skin              |    67 |   155 |    32 ||   254
Dodge: Dodged            |   105 |   257 |    88 ||   450

Table legend: (Time is in decaauts)
 A = Elapsed time spent in this place.
 B = Non-inter-level travel time spent in this place.
 C = Inter-level travel time spent in this place.
 D = Time resting spent in this place.
 E = Time spent auto-exploring this place.
 F = Levels seen in this place.
 G = Mean time per level.
                   A        B        C        D        E       F      G
               +--------+--------+--------+--------+--------+-----+--------+
         Total |   5830 |   5668 |    162 |    547 |   2228 |   7 |  832.9 |
       Dungeon |   4326 |   4246 |     80 |    264 |   2010 |   5 |  865.2 |
        Temple |    264 |    182 |     82 |      0 |      0 |   1 |  264.0 |
         Sewer |   1238 |   1238 |      0 |    283 |    218 |   1 | 1238.0 |
               +--------+--------+--------+--------+--------+-----+--------+

Top non-repeatable levels by time:
   Sewer: 1238 daAuts
     D:2: 1071 daAuts
     D:3: 1052 daAuts
     D:4: 981 daAuts
     D:1: 894 daAuts
     D:5: 326 daAuts
  Temple: 264 daAuts
